 Dungeon Crawl Stone Soup version 0.26-b1-32-g5d43845318 (webtiles) character file.

Game seed: 2988653140537880528

25 theswoord the Insei (level 2, -1/22 HPs)
             Began as a Demonspawn Transmuter on Jan 12, 2021.
             Slain by a gnoll
             ... wielding a +0 spear
              (6 damage)
             ... on level 2 of the Dungeon.
             The game lasted 00:00:48 (760 turns).

theswoord the Insei (Demonspawn Transmuter)          Turns: 760, Time: 00:00:49

Health: -1/22      AC:  2    Str: 10    XL:     2   Next: 86%
Magic:  7/14       EV: 12    Int: 14    God:
Gold:   15         SH:  0    Dex: 13    Spells: 4/5 levels left

rFire    . . .     SeeInvis .     - Unarmed
rCold    . . .     Faith    .   (no shield)
rNeg     . . .     Spirit   .   a - +0 robe
rPois    .         Reflect  .   (helmet currently unavailable)
rElec    .         Harm     .   (no cloak)
rCorr    .         Rampage  .   (no gloves)
Will     .....                  (boots currently unavailable)
Stlth    +.........             (no amulet)
HPRegen  0.07/turn              c - ring of magical power
MPRegen  0.14/turn              (no ring)

@: appendages (expiring)
A: claws 1, horns 2, talons 2
a: End Transformation


You were on level 2 of the Dungeon.
You had grown temporary horns.
You had grown temporary talons.
You visited 1 branch of the dungeon, and saw 2 of its levels.

You collected 15 gold pieces.

Inventory:

Armour
 a - a +0 robe (worn)
Jewellery
 c - a ring of magical power (left claw)
Scrolls
 f - a scroll of teleportation {unknown}
 h - a scroll of identify {unknown}
 j - a scroll of remove curse {unknown}
Potions
 b - a potion of degeneration {unknown}
 d - a potion of resistance {unknown}
 e - a potion of cancellation {unknown}
 g - a potion of haste {unknown}
 i - a potion of heal wounds {unknown}
 k - a potion of flight {unknown}


   Skills:
 + Level 1.8 Fighting
 - Level 1.7 Dodging
 + Level 3.1 Unarmed Combat
 - Level 2.0 Spellcasting
 + Level 2.3 Transmutations


You had 4 spell levels left.
You knew the following spells:

 Your Spells              Type           Power        Failure   Level
a - Beastly Appendage     Tmut           14%          10%         1

Your spell library contained the following spells:

 Spells                   Type           Power        Failure   Level
 Wereblood                Tmut           7%           14%         2
 Spider Form              Tmut/Pois      2%           41%         3
 Ice Form                 Ice/Tmut       4%           83%         4
 Blade Hands              Tmut           3%           95%         5


Dungeon Overview and Level Annotations

Branches:
Dungeon (2/15)

Altars:


Innate Abilities, Weirdness & Mutations

You have sharp fingernails.
You have a pair of horns on your head.
You have razor-sharp toenails.


Message History

The leopard gecko closely misses you.
Casting: Beastly Appendage (safe; 10% risk of failure)
Confirm with . or Enter, or press ? or * to list all spells.
You grow a pair of large bovine horns.
Your feet morph into talons.
Your transformation is almost over.
The leopard gecko closely misses you. The gnoll barely misses you.
There are monsters nearby!
You closely miss the leopard gecko. The leopard gecko barely misses you.
The gnoll hits you from afar with a +0 spear!
You scratch the leopard gecko. Your headbutt misses the leopard gecko.
The leopard gecko is heavily wounded.
The leopard gecko barely misses you.
The gnoll hits you from afar with a +0 spear!
* * * LOW HITPOINT WARNING * * *
You scratch the leopard gecko.
You kill the leopard gecko!
You see here a cursed -1 short sword.
You can't go up here!
The gnoll hits you from afar with a +0 spear.
You die...

#### ...
#.####
#†g..#
#..).#
##.@.#
##.##
#...
#.$...
#.(?..#
#.....#
.......
#.#.###.#


You could see a gnoll.

Vanquished Creatures
  An ooze (D:1)
  A dart slug (D:1)
  A leopard gecko (D:2)
  4 bats (D:1)
  2 giant cockroaches (D:1)
  A goblin (D:1)
  3 kobolds
  2 frilled lizards (D:1)
  A rat (D:1)
16 creatures vanquished.

Notes
Turn   | Place    | Note
-------+----------+-------------------------------------------
     0 | D:1      | theswoord the Demonspawn Transmuter began the quest for the
                  | Orb.
     0 | D:1      | Reached XP level 1. HP: 15/15 MP: 3/3
   183 | D:1      | Gained mutation: You have sharp fingernails. [demonic
                  | ancestry]
   183 | D:1      | Reached XP level 2. HP: 9/21 MP: 3/5
   488 | D:1      | Reached skill level 3 in Unarmed Combat
   760 | D:2      | Slain by a gnoll

Skill      XL: |  1  2 |
---------------+-------+-----
Transmutations | 2 |  2.3
Unarmed Combat | 3 |  3.1
Fighting       | |  1.8
Dodging        | |  1.7
Spellcasting   | |  2.0

Action                   || total
-------------------------++-------
Melee: Unarmed           ||    40
       Kick              ||     5
       Headbutt          ||     3
 Cast: Beastly Appendage ||    13
 Stab: Sleeping          ||     3
Armor: Robe              ||    13
Dodge: Dodged            ||    28

Levels and vault maps discovered:
D:1:      lemuel_arrival_behind_the_door_large, layout_rooms,
          minmay_crystal_water
D:2:      layout_loops_cross, nicolae_gozag_cash_rules_everything_around_me,
          kennysheep_generic_room_5, uniq_natasha
